MLB
MINNESOTA TWINS @ MILWAUKEE BREWERS
03/09/2026
 
TOP OF THE 1ST
Minnesota Twins batting - Pitching for Milwaukee Brewers : RHP Bowden Francis
Pitching: RHP Bowden Francis
Batting: LHB Luis Arraez 0-0: Ball
1-0: DOUBLE (Line Drive, 78D, EV 105.0 MPH)
Pinch Runner at 2nd Matt Wallner:
Batting: RHB Gilberto Celestino 0-0: Called Strike
0-1: Ball
1-1: SINGLE (Groundball, 4M, EV 100.0 MPH) (infield hit)
Matt Wallner to third
Batting: LHB Alex Kirilloff 0-0: Called Strike
0-1: Ball
1-1: Foul Ball, location: 2F
1-2: Ball
2-2: Strikes out swinging
Batting: LHB Geoff Matheny 0-0: Swinging Strike
0-1: Swinging Strike
Pickoff Throw by Catcher to First - Out!
0-2: Ball
1-2: Strikes out swinging
Top of the 1st over - 0 runs, 2 hits, 0 errors, 1 left on base; Minnesota 0 - Milwaukee 0
BOTTOM OF THE 1ST
Milwaukee Brewers batting - Pitching for Minnesota Twins : LHP Doug Delgado
Pitching: LHP Doug Delgado
Now at 1B: Matt Wallner
Batting: RHB Marcus Semien 0-0: Ball
1-0: Ground out 1-3 (Groundball, 13S, EV 67.5 MPH)
Batting: RHB Tim Anderson 0-0: SINGLE (Line Drive, 6MD, EV 104.4 MPH)
Batting: LHB Garrett Mitchell 0-0: Called Strike
0-1: Foul Ball, location: 2F
0-2: Strikes out looking
Batting: RHB Rashad Crain 0-0: Ball
1-0: Ball
2-0: Ball
3-0: Called Strike
3-1: Fielders Choice at 2nd, 6-4 (Groundball, 6, EV 88.8 MPH)
Bottom of the 1st over - 0 runs, 1 hit, 0 errors, 1 left on base; Minnesota 0 - Milwaukee 0
TOP OF THE 2ND
Minnesota Twins batting - Pitching for Milwaukee Brewers : RHP Bowden Francis
Batting: SHB Cal Raleigh 0-0: SOLO HOME RUN (Flyball, 9D, EV 91.2 MPH), Distance : 354 ft
Batting: RHB Keoni Cavaco 0-0: Called Strike
0-1: Ball
1-1: Ball
2-1: Ball
3-1: Foul Ball, location: 2F
3-2: Strikes out swinging
Batting: LHB Travis Blankenhorn 0-0: Bunt for hit to 56S - play at first, batter safe!
Batting: LHB Joe Szablewski 0-0: Ball
1-0: Swinging Strike
1-1: Ball
2-1: Ball
3-1: Swinging Strike
3-2: Strikes out swinging
Batting: LHB Doug Delgado 0-0: Called Strike
0-1: Ball
1-1: Foul Ball, location: 2F
1-2: Ball
2-2: Ball
3-2: Foul Ball, location: 2F
3-2: Strikes out swinging
Top of the 2nd over - 1 run, 2 hits, 0 errors, 1 left on base; Minnesota 1 - Milwaukee 0
BOTTOM OF THE 2ND
Milwaukee Brewers batting - Pitching for Minnesota Twins : LHP Doug Delgado
Batting: RHB Payton Henry 0-0: Called Strike
0-1: SINGLE (Line Drive, 56D, EV 105.0 MPH)
Batting: RHB Keston Hiura 0-0: Called Strike
0-1: Fly out, F6 (Popup, 6S, EV 75.6 MPH)
Batting: LHB Christian Yelich 0-0: Called Strike
0-1: Ball
1-1: Ball
2-1: Foul Ball, location: 2F
2-2: Fly out, F8 (Flyball, 8RXD, EV 103.1 MPH)
Batting: RHB Gabriel Arias 0-0: Fly out, F8 (Flyball, 78D, EV 81.2 MPH)
Bottom of the 2nd over - 0 runs, 1 hit, 0 errors, 1 left on base; Minnesota 1 - Milwaukee 0
TOP OF THE 3RD
Minnesota Twins batting - Pitching for Milwaukee Brewers : RHP Bowden Francis
Batting: LHB Matt Wallner 0-0: Ball
1-0: Ball
2-0: Swinging Strike
2-1: Foul Ball, location: 2F
2-2: Ball
3-2: SINGLE (Line Drive, 4MD, EV 108.1 MPH)
Pitching: LHP Antoine Kelly
Batting: RHB Gilberto Celestino 0-0: Ball
1-0: SINGLE (Groundball, 6M, EV 84.4 MPH) (infield hit)
Matt Wallner to second
Batting: LHB Alex Kirilloff 0-0: Foul Ball, location: 2F
0-1: Foul Ball, location: 2F
0-2: Ball
1-2: Foul Ball, location: 2F
1-2: Foul Ball, location: 2F
1-2: Ball
2-2: SINGLE (Flyball, 3D, EV 93.1 MPH)
Matt Wallner to third
Gilberto Celestino to second
Batting: LHB Geoff Matheny 0-0: Foul Ball, location: 2F
0-1: Foul Ball, location: 2F
0-2: Strikes out looking
Batting: SHB Cal Raleigh 0-0: Called Strike
0-1: Foul Ball, location: 2F
0-2: Foul Ball, location: 2F
0-2: Ball
1-2: Ball
2-2: Strikes out swinging
Batting: RHB Keoni Cavaco 0-0: Called Strike
0-1: Foul Ball, location: 2F
0-2: Strikes out swinging
Top of the 3rd over - 0 runs, 3 hits, 0 errors, 3 left on base; Minnesota 1 - Milwaukee 0
BOTTOM OF THE 3RD
Milwaukee Brewers batting - Pitching for Minnesota Twins : LHP Doug Delgado
Batting: LHB Antoine Kelly 0-0: Ball
1-0: Called Strike
1-1: Ball
2-1: Ball
3-1: Fly out, F9 (Flyball, 89D, EV 76.9 MPH)
Batting: RHB Marcus Semien 0-0: Ball
1-0: Ball
2-0: Ball
3-0: Base on Balls
Batting: RHB Tim Anderson 0-0: Ball
1-0: Foul Ball, location: 2F
1-1: Called Strike
1-2: Ball
2-2: Ball
3-2: Fly out, F9 (Flyball, 9D, EV 89.4 MPH)
Batting: LHB Garrett Mitchell 0-0: Ball
1-0: Called Strike
1-1: Foul Ball, location: 2F
1-2: Strikes out looking
Bottom of the 3rd over - 0 runs, 0 hits, 0 errors, 1 left on base; Minnesota 1 - Milwaukee 0
TOP OF THE 4TH
Minnesota Twins batting - Pitching for Milwaukee Brewers : LHP Antoine Kelly
Pitching: RHP Luke Barker
Batting: LHB Travis Blankenhorn 0-0: Foul Ball, location: 2F
0-1: Ball
1-1: Ball
2-1: Swinging Strike
2-2: Foul Ball, location: 2F
2-2: Foul Ball, location: 2F
2-2: Strikes out looking
Batting: LHB Joe Szablewski 0-0: Called Strike
0-1: Ball
1-1: Ground out U3 (Groundball, 3L, EV 81.2 MPH)
Batting: LHB Doug Delgado 0-0: Called Strike
0-1: Ground out 4-3 (Groundball, 4, EV 92.5 MPH)
Top of the 4th over - 0 runs, 0 hits, 0 errors, 0 left on base; Minnesota 1 - Milwaukee 0
BOTTOM OF THE 4TH
Milwaukee Brewers batting - Pitching for Minnesota Twins : LHP Doug Delgado
Batting: RHB Rashad Crain 0-0: Ball
1-0: Ball
2-0: Called Strike
2-1: SINGLE (Groundball, 25, EV 64.4 MPH) (infield hit)
Pitching: RHP Brett Kennedy
Batting: RHB Payton Henry 0-0: Ball
Rashad Crain steals 2nd base
1-0: TRIPLE (Flyball, 89XD, EV 101.9 MPH)
Rashad Crain scores
Batting: RHB Keston Hiura 0-0: Ball
1-0: Foul Ball, location: 2F
1-1: Swinging Strike
1-2: Foul Ball, location: 2F
1-2: Ground out 6-3 (Groundball, 6, EV 84.4 MPH)
Payton Henry scores
Batting: LHB Christian Yelich 0-0: Called Strike
0-1: Ball
1-1: Ball
2-1: Fly out, F7 (Line Drive, 7LS, EV 107.5 MPH)
Batting: RHB Gabriel Arias 0-0: Swinging Strike
0-1: Ball
1-1: Ball
2-1: DOUBLE (Flyball, 8RXD, EV 93.1 MPH)
Batting: RHB Luke Barker 0-0: Called Strike
0-1: Ball
1-1: Foul Ball, location: 2F
1-2: SINGLE (Groundball, P, EV 86.9 MPH) (infield hit)
Gabriel Arias to third
Batting: RHB Marcus Semien 0-0: Ball
1-0: Ball
2-0: Called Strike
2-1: Foul Ball, location: 2F
2-2: Ball
3-2: Foul Ball, location: 2F
3-2: Base on Balls
Luke Barker to second
Pitching: RHP Jhoan Duran
Batting: RHB Tim Anderson 0-0: Ball
1-0: Ball
2-0: Called Strike
2-1: Foul Ball, location: 2F
2-2: Ball
3-2: Foul Ball, location: 2F
3-2: Strikes out looking
Bottom of the 4th over - 2 runs, 4 hits, 0 errors, 3 left on base; Minnesota 1 - Milwaukee 2
TOP OF THE 5TH
Minnesota Twins batting - Pitching for Milwaukee Brewers : RHP Luke Barker
Now at C: Thomas Dillard
Now at 1B: Ashton McGee
Now in RF: Danny Lester
Batting: LHB Matt Wallner 0-0: Called Strike
0-1: Ball
1-1: Foul Ball, location: 2F
1-2: Ball
2-2: Foul Ball, location: 2F
2-2: Strikes out swinging
Batting: RHB Gilberto Celestino 0-0: Foul Ball, location: 2F
0-1: Ground out 6-3 (Groundball, 6M, EV 104.4 MPH)
Batting: LHB Alex Kirilloff 0-0: Ball
1-0: Ball
2-0: Called Strike
2-1: Ball
3-1: Foul Ball, location: 2F
3-2: Foul Ball, location: 2F
3-2: Base on Balls
Pitching: LHP Mike Kennedy
Batting: LHB Geoff Matheny 0-0: Ball
1-0: Ball
2-0: Called Strike
2-1: Foul Ball, location: 2F
2-2: Ball
3-2: Foul Ball, location: 2F
3-2: SINGLE (Line Drive, 9S, EV 101.9 MPH)
Alex Kirilloff to second
Alex Kirilloff to third
Batting: SHB Cal Raleigh 0-0: Called Strike
0-1: Ball
1-1: Fielders Choice at 2nd, 6-4 (Groundball, 6, EV 103.1 MPH)
Top of the 5th over - 0 runs, 1 hit, 0 errors, 2 left on base; Minnesota 1 - Milwaukee 2
BOTTOM OF THE 5TH
Milwaukee Brewers batting - Pitching for Minnesota Twins : RHP Jhoan Duran
Now at C: Ben Rortvedt
Now at 2B: Yoshitaro Otsuka
Now at SS: Tim Gardner
Now in LF: Joe Garland
Now in RF: Trevor Larnach
Pinch Hitting: LHB Carlos Rodriguez 0-0: Ground out 4-3 (Groundball, 4, EV 83.8 MPH)
Pinch Hitting: LHB Zach Rollo 0-0: Foul Ball, location: 2F
0-1: Called Strike
0-2: Ball
1-2: Strikes out swinging
Batting: LHB Danny Lester 0-0: Fly out, F9 (Flyball, 9S, EV 76.2 MPH)
Bottom of the 5th over - 0 runs, 0 hits, 0 errors, 0 left on base; Minnesota 1 - Milwaukee 2
TOP OF THE 6TH
Minnesota Twins batting - Pitching for Milwaukee Brewers : LHP Mike Kennedy
Pitching: RHP Sean Sypolt
Now at 3B: Tucupita Marcano
Now at SS: Darren Edwards
Now in LF: Zach Rollo
Now in CF: Carlos Rodriguez
Pinch Hitting: LHB Seth Gray 0-0: Ball
1-0: Called Strike
1-1: Ball
2-1: Foul Ball, location: 2F
2-2: Ball
3-2: Foul Ball, location: 2F
3-2: Base on Balls
Batting: LHB Trevor Larnach 0-0: Ball
1-0: Foul Ball, location: 2F
1-1: Ball
2-1: Ball
3-1: Foul Ball, location: 2F
3-2: Strikes out swinging
Seth Gray is caught stealing 2nd base 2-6
Batter strikes out.
Batting: RHB Tim Gardner 0-0: Ball
1-0: Ball
2-0: Called Strike
2-1: SINGLE (Groundball, 56D, EV 106.2 MPH)
Pinch Hitting: RHB Aaron Sabato 0-0: Ball
1-0: Ball
2-0: Ball
3-0: Called Strike
3-1: Foul Ball, location: 2F
3-2: Strikes out looking
Top of the 6th over - 0 runs, 1 hit, 0 errors, 1 left on base; Minnesota 1 - Milwaukee 2
BOTTOM OF THE 6TH
Milwaukee Brewers batting - Pitching for Minnesota Twins : RHP Jhoan Duran
Pitching: RHP Sam Hurst
Now at 3B: Seth Gray
Batting: SHB Thomas Dillard 0-0: Fly out, F5 (Popup, 56S, EV 68.8 MPH)
Batting: LHB Ashton McGee 0-0: Foul Ball, location: 2F
0-1: Ball
1-1: Ball
2-1: Swinging Strike
2-2: Strikes out swinging
Pinch Hitting: RHB Kevin Smith 0-0: Ball
1-0: Ball
2-0: Called Strike
2-1: Fly out, F8 (Flyball, 89S, EV 78.1 MPH)
Bottom of the 6th over - 0 runs, 0 hits, 0 errors, 0 left on base; Minnesota 1 - Milwaukee 2
TOP OF THE 7TH
Minnesota Twins batting - Pitching for Milwaukee Brewers : RHP Sean Sypolt
Now at 2B: Tucupita Marcano
Now at 3B: Kevin Smith
Batting: LHB Matt Wallner 0-0: Ball
1-0: Called Strike
1-1: Ball
2-1: Swinging Strike
2-2: Strikes out swinging
Batting: RHB Gilberto Celestino 0-0: Foul Ball, location: 2F
0-1: Ball
1-1: Ball
2-1: Swinging Strike
2-2: Foul Ball, location: 2F
2-2: Foul Ball, location: 2F
2-2: Strikes out swinging
Pitching: RHP Brandon Ramey
Batting: SHB Joe Garland 0-0: Ball
1-0: Foul Ball, location: 2F
1-1: Swinging Strike
1-2: Ball
2-2: Foul Ball, location: 2F
2-2: Strikes out swinging
Top of the 7th over - 0 runs, 0 hits, 0 errors, 0 left on base; Minnesota 1 - Milwaukee 2
BOTTOM OF THE 7TH
Milwaukee Brewers batting - Pitching for Minnesota Twins : RHP Sam Hurst
Pitching: RHP Jorge Alcala
Batting: LHB Tucupita Marcano 0-0: Ball
1-0: Called Strike
1-1: Fly out, F5 (Popup, 5F, EV 65.6 MPH)
Batting: RHB Darren Edwards 0-0: Ball
1-0: Fly out, F8 (Flyball, 8LXD, EV 83.1 MPH)
Pinch Hitting: LHB Hedbert Perez 0-0: Ball
1-0: SINGLE (Line Drive, 4D, EV 105.0 MPH)
Batting: LHB Carlos Rodriguez 0-0: Swinging Strike
0-1: Called Strike
0-2: Ball
1-2: Ball
2-2: Foul Ball, location: 2F
2-2: Fly out, F7 (Line Drive, 7, EV 103.1 MPH)
Bottom of the 7th over - 0 runs, 1 hit, 0 errors, 1 left on base; Minnesota 1 - Milwaukee 2
TOP OF THE 8TH
Minnesota Twins batting - Pitching for Milwaukee Brewers : RHP Brandon Ramey
Pitching: RHP Waimer Fabian
Batting: LHB Ben Rortvedt 0-0: Ball
1-0: Foul Ball, location: 2F
1-1: Ball
2-1: Ball
3-1: Called Strike
3-2: Foul Ball, location: 2F
3-2: Foul Ball, location: 2F
3-2: Strikes out looking
Batting: RHB Yoshitaro Otsuka 0-0: Ball
1-0: Called Strike
1-1: Foul Ball, location: 2F
1-2: Strikes out swinging
Batting: LHB Seth Gray 0-0: Foul Ball, location: 2F
0-1: Ball
1-1: Foul Ball, location: 2F
1-2: Ball
2-2: Foul Ball, location: 2F
2-2: Ball
3-2: Fly out, F9 (Flyball, 89D, EV 103.8 MPH)
Top of the 8th over - 0 runs, 0 hits, 0 errors, 0 left on base; Minnesota 1 - Milwaukee 2
BOTTOM OF THE 8TH
Milwaukee Brewers batting - Pitching for Minnesota Twins : RHP Jorge Alcala
Pitching: RHP Anthony Escobar
Batting: LHB Zach Rollo 0-0: Foul Ball, location: 2F
0-1: Ball
1-1: Swinging Strike
1-2: Fly out, F9 (Flyball, 89S, EV 82.5 MPH)
Batting: LHB Danny Lester 0-0: Foul Ball, location: 2F
0-1: Ball
1-1: Ball
2-1: Foul Ball, location: 2F
2-2: Ball
3-2: Foul Ball, location: 2F
3-2: Fly out, F9 (Flyball, 89M, EV 92.5 MPH)
Batting: SHB Thomas Dillard 0-0: Ball
1-0: Fly out, F3 (Popup, 34, EV 73.1 MPH)
Bottom of the 8th over - 0 runs, 0 hits, 0 errors, 0 left on base; Minnesota 1 - Milwaukee 2
TOP OF THE 9TH
Minnesota Twins batting - Pitching for Milwaukee Brewers : RHP Waimer Fabian
Pitching: RHP Devin Williams
Batting: LHB Trevor Larnach 0-0: Swinging Strike
0-1: Ball
1-1: Called Strike
1-2: Foul Ball, location: 2F
1-2: Foul Ball, location: 2F
1-2: Foul Ball, location: 2F
1-2: Foul Ball, location: 2F
1-2: Ball
2-2: Ball
3-2: Fly out, F8 (Flyball, 89M, EV 93.1 MPH)
Batting: RHB Tim Gardner 0-0: Ball
1-0: Fly out, F8 (Flyball, 8LS, EV 92.5 MPH)
Batting: RHB Anthony Escobar 0-0: Foul Ball, location: 2F
0-1: Foul Ball, location: 2F
0-2: DOUBLE (Line Drive, 89D, EV 94.4 MPH)
Batting: LHB Matt Wallner 0-0: Ball
1-0: Foul Ball, location: 2F
1-1: Ball
2-1: Foul Ball, location: 2F
2-2: Strikes out swinging
Top of the 9th over - 0 runs, 1 hit, 0 errors, 1 left on base; Minnesota 1 - Milwaukee 2
Tuesday, January 24th , 2023 - OOTP Baseball 23.10 Build 110